 Dungeon Crawl Stone Soup version 0.16-b1 (webtiles) character file.

127 dysrexia the Chopper (level 5, -2/42 HPs)
             Began as a Hill Orc Gladiator on Mar 3, 2015.
             Slain by datmedicine's ghost (11 damage)
             ... on level 3 of the Dungeon.
             The game lasted 00:07:22 (1973 turns).

dysrexia the Chopper (Hill Orc Gladiator)           Turns: 1973, Time: 00:07:22

Health: -2/42      AC:  4    Str: 19    XL:     5   Next: 11%
Magic:  5/5        EV: 12    Int:  8    God:
Gold:   44         SH:  3    Dex: 16    Spells: 0 memorised, 4 levels left

rFire  . . .     SeeInvis .     a - +1 war axe
rCold  . . .     Clarity  .     b - +0 leather armour
rNeg   . . .     SustAb   .     r - +0 buckler
rPois  +         Gourm    .     c - +0 helmet
rElec  .         Spirit   .     (no cloak)
rCorr  .         Warding  .     (no gloves)
rMut   .         Stasis   .     (no boots)
MR     .....                    (no amulet)
Stlth  +.........               k - ring of poison resistance
                                h - +5 ring of dexterity

@: not resistant to hostile enchantments, very unstealthy
A: no striking features
a: no special abilities


You were on level 3 of the Dungeon.
You were not hungry.

You visited 1 branch of the dungeon, and saw 3 of its levels.

You collected 44 gold pieces.

Inventory:

Hand weapons
 a - a +1 war axe (weapon)
 p - a +0 blowgun
Missiles
 d - 3 throwing nets (quivered)
 j - 31 poisoned needles
Armour
 b - a +0 leather armour (worn)
 c - a +0 helmet (worn)
 r - a +0 buckler (worn)
Jewellery
 h - a +5 ring of dexterity (left hand)
 k - a ring of poison resistance (right hand)
Scrolls
 n - 3 scrolls of identify
 v - a scroll of teleportation
Potions
 e - a potion of haste
 i - 2 potions of curing {unknown}
 l - a potion of restore abilities {unknown}
 m - a potion of flight {unknown}
 s - a potion of heal wounds {unknown}
 t - 2 potions of agility {unknown}
 w - 2 potions of brilliance {unknown}
Comestibles
 f - 2 meat rations
 g - a beef jerky
 o - a royal jelly
 u - 4 fruits
 x - a bread ration


   Skills:
 - Level 2.4 Fighting
 + Level 7.4 Axes
 - Level 2.0 Throwing
 - Level 2.4 Dodging


You had 4 spell levels left.
You didn't know any spells.

Dungeon Overview and Level Annotations

Branches:
Dungeon (3/15)

Altars:
Ru
Sif Muna

Annotations:
D:3 datmedicine's ghost, average MiFi


Message History

Datmedicine's ghost misses you.
You slash datmedicine's ghost!
Datmedicine's ghost is moderately damaged.
Datmedicine's ghost barely misses you.
You barely miss datmedicine's ghost.
Datmedicine's ghost is moderately damaged.
Datmedicine's ghost hits you!
You hit datmedicine's ghost.
Datmedicine's ghost is heavily damaged.
Datmedicine's ghost barely misses you.
You barely miss datmedicine's ghost.
Datmedicine's ghost is heavily damaged.
Datmedicine's ghost hits you.
You slash datmedicine's ghost!
Datmedicine's ghost is severely damaged.
Datmedicine's ghost hits you!
* * * LOW HITPOINT WARNING * * *
All of the chunks of flesh in your inventory have rotted away.
Datmedicine's ghost hits you!
You die...

#.#........#.........##........#.
#.#####.#.##.....>...##......###.
..# #.##....#######..........
#### #.##.......# #..........
.... #.##.......####.###.#....
#### #...............# #.#....
########...####.###.#....
#........#.#...#.###
#..@.....##......# #
#..W.....##......# .
#........##......#.#
####........##......#.#
#...................# #
#.##........####.#### .
#.######...... .. . #.#
#.#####... #.# ####.# ...


You could see datmedicine's ghost.

Vanquished Creatures
  8 adders
  3 giant geckos (D:2)
  A giant cockroach (D:1)
  5 hobgoblins
  6 jackals
  5 bats
  A giant newt (D:1)
  6 goblins
  7 kobolds
  3 quokkas
  10 rats
55 creatures vanquished.

Notes
Turn   | Place    | Note
--------------------------------------------------------------
     0 | D:1      | dysrexia, the Hill Orc Gladiator, began the quest for the Orb.
     0 | D:1      | Reached XP level 1. HP: 18/18 MP: 1/1
   139 | D:1      | Reached XP level 2. HP: 9/25 MP: 2/2
   548 | D:1      | Reached skill level 5 in Axes
   684 | D:1      | Reached XP level 3. HP: 24/30 MP: 3/3
  1039 | D:2      | Reached skill level 6 in Axes
  1043 | D:2      | Reached XP level 4. HP: 28/37 MP: 4/4
  1476 | D:2      | Found a sacrificial altar of Ru.
  1582 | D:2      | Found a deep blue altar of Sif Muna.
  1731 | D:3      | Reached skill level 7 in Axes
  1782 | D:3      | Reached XP level 5. HP: 42/42 MP: 5/5
  1949 | D:3      | Noticed datmedicine's ghost (average MiFi)
  1973 | D:3      | Slain by datmedicine's ghost

Action                   |  1- 3 |  4- 6 || total
-------------------------+-------+-------++-------
Melee: War axe           |    98 |    91 ||   189
  Use: Scroll            |     1 |     4 ||     5
  Eat: Chunk             |       |     4 ||     4
